 Dungeon Crawl Stone Soup version 0.21.0-25-ge575cb9 (webtiles) character file.

128 tidbits the Insei (level 5, -4/47 HPs)
             Began as a Gnoll Monk on Jan 26, 2018.
             Was a Believer of Cheibriados.
             Shot with an arrow by a centaur (15 damage)
             ... on level 5 of the Dungeon.
             The game lasted 00:04:52 (583 turns).

tidbits the Insei (Gnoll Monk)                       Turns: 583, Time: 00:04:53

Health: -4/47      AC:  7    Str: 18    XL:     5   Next: 12%
Magic:  7/7        EV: 16    Int: 17    God:    Cheibriados [**....]
Gold:   72         SH:  0    Dex: 21    Spells: 6/6 levels left

rFire    . . .     SeeInvis .     - Unarmed
rCold    . . .     Gourm    .   (no shield)
rNeg     . . .     Faith    .   B - +1 ring mail
rPois    .         Spirit   .   (no helmet)
rElec    .         Reflect  .   (no cloak)
rCorr    .         Harm     .   G - +0 pair of gloves
MR       .....                  (no boots)
Stlth    ++........             (no amulet)
HPRegen  0.15/turn              (no ring)
MPRegen  0.10/turn              (no ring)

@: very slow
A: distributed training, fangs 1, strong nose
a: Bend Time, Renounce Religion


You were on level 5 of the Dungeon.
You worshipped Cheibriados.
Cheibriados was pleased with you.
You were not hungry.

You visited 1 branch of the dungeon, and saw 4 of its levels.

You collected 72 gold pieces.

Inventory:

Hand Weapons
 d - a +0 dagger
 l - a +0 hunting sling
 m - a +0 short sword of speed
   (You took it off a kobold on level 2 of the Dungeon)
Missiles
 f - 24 bolts
 g - 17 stones (quivered)
 o - 21 arrows
Armour
 a - a +0 robe
 B - a +1 ring mail (worn)
 G - a +0 pair of gloves (worn)
Scrolls
 e - 2 scrolls of magic mapping
 h - 2 scrolls of enchant armour
Potions
 n - a potion of berserk rage
Comestibles
 b - 2 rations


   Skills:
 + Level 6.6 Fighting
 + Level 1.3 Short Blades
 + Level 1.3 Long Blades
 + Level 1.3 Axes
 + Level 1.3 Maces & Flails
 + Level 1.3 Polearms
 + Level 1.3 Staves
 + Level 1.3 Slings
 + Level 1.3 Bows
 + Level 1.3 Crossbows
 + Level 1.3 Throwing
 + Level 1.3 Armour
 + Level 6.6 Dodging
 + Level 4.3 Stealth
 + Level 1.3 Shields
 + Level 6.6 Unarmed Combat
 + Level 1.3 Spellcasting
 + Level 1.1 Conjurations
 + Level 1.1 Hexes
 + Level 1.1 Charms
 + Level 1.1 Summonings
 + Level 1.1 Necromancy
 + Level 1.1 Translocations
 + Level 1.1 Transmutations
 + Level 1.1 Fire Magic
 + Level 1.1 Ice Magic
 + Level 1.1 Air Magic
 + Level 1.1 Earth Magic
 + Level 1.1 Poison Magic
 + Level 1.5 Invocations
 + Level 1.3 Evocations


You had 6 spell levels left.
You didn't know any spells.

Dungeon Overview and Level Annotations

Branches:
Dungeon (3/15)

Altars:
Cheibriados
Hepliaklqana


Innate Abilities, Weirdness & Mutations

Your experience applies equally to all skills.
You have very sharp teeth.
Your uncanny sense of smell can sniff out nearby items.


Message History

You closely miss the worker ant.
The worker ant bites you but does no damage.
You closely miss the worker ant. The worker ant barely misses you.
You hit the worker ant.
The worker ant is moderately wounded.
The worker ant bites you.
You are poisoned.
The worker ant poisons you!
You hit the worker ant but do no damage.
The worker ant is moderately wounded.
You feel sick. The worker ant misses you.
You completely miss the worker ant. You bite the worker ant.
The worker ant is heavily wounded.
The worker ant bites you.
You barely miss the worker ant.
The worker ant is heavily wounded.
You feel sick. The worker ant barely misses you.
You barely miss the worker ant.
The worker ant is heavily wounded.
The worker ant misses you.
You hit the worker ant.
You bite the worker ant, but do no damage.
The worker ant is severely wounded.
You feel sick. The worker ant misses you.
You barely miss the worker ant.
The worker ant is severely wounded.
The worker ant bites you.
You barely miss the worker ant.
The worker ant is severely wounded.
The worker ant bites you.
You are more poisoned.
The worker ant poisons you!
You hit the worker ant.
The worker ant is almost dead.
You feel sick. The worker ant closely misses you.
You closely miss the worker ant.
The worker ant is almost dead.
You feel sick. The worker ant barely misses you.
You punch the worker ant!
You kill the worker ant!
Cheibriados appreciates the change of pace.
You have reached level 5!
You feel sick.
It was a potion of invisibility.
You fade into invisibility!
You hear the slow hiss of a very distant avalanche of sand.
You hear the slow rusting of a distant drain.
You feel sick.
You are very lightly contaminated with residual magic.
It was a potion of berserk rage.
A red film seems to cover your vision as you go berserk!
Cheibriados protects you from inadvertent hurry.
You feel mighty!
You are too berserk!
You feel a strong urge to attack something.
You feel sick.
You feel sick.
You feel your anger nearly subside.
You are no longer berserk.
You are exhausted.
You feel yourself slow down.
You feel sick.
Unknown command.
It was a potion of agility.
You feel agile all of a sudden.
You feel sick.
It was a potion of brilliance.
You feel clever all of a sudden.
You feel sick.
You feel sick.
You feel sick.
You feel sick.
You feel sick.
You feel sick.
A centaur comes into view.
You feel sick.
You feel sick.
You flicker for a moment.
You feel sick.
You feel sick.
You flicker back into view.
You feel sick.
You hear the slow hiss of a very distant avalanche of sand.
You hear the slow rusting of a very distant drain.
You feel yourself speed up.
You feel sick.
You are no longer poisoned.
You recover from your berserk rage.
You feel a little less agile now.
You feel a little less clever now.
Your magical contamination has completely faded away.
Okay, then.
The centaur wields a shortbow.
The centaur shoots an arrow.
The arrow hits you!
* * * LOW HITPOINT WARNING * * *
The centaur shoots an arrow.
The arrow hits you.
* * * LOW HITPOINT WARNING * * *
You hear the slow hiss of a distant avalanche of sand.
You hear the slow rusting of a distant drain.
The centaur shoots an arrow.
The arrow closely misses you.
The centaur shoots an arrow.
The arrow misses you.
The centaur shoots an arrow.
The arrow hits you!
You die...

#..
#..#
#..#
#..#
#.c#
###..#
#...#
##.@#
#...#
#(.##
##(.#
#...##
##...##
##...##
###..##
##..##


You could see a centaur.

Vanquished Creatures
  A centaur skeleton (D:5)
  A hound (D:5)
  A worker ant (D:5)
  An adder (D:3)
  A leopard gecko (D:3)
  2 giant cockroaches
  4 goblins
  A hobgoblin (D:1)
  11 jackals
  3 kobolds
  3 bats
  A frilled lizard (D:1)
  A leopard gecko zombie (D:5)
  4 rats
35 creatures vanquished.

Notes
Turn   | Place    | Note
-------+----------+-------------------------------------------
     0 | D:1      | tidbits the Gnoll Monk began the quest for the Orb.
     0 | D:1      | Reached XP level 1. HP: 23/23 MP: 1/1
   176 | D:1      | Reached XP level 2. HP: 29/29 MP: 2/2
   324 | D:2      | Reached XP level 3. HP: 35/35 MP: 3/3
   442 | D:3      | Found a hazy altar of Hepliaklqana.
   445 | D:3      | Reached skill level 1 in Invocations
   447 | D:3      | Found a snail-covered altar of Cheibriados.
   462 | D:3      | Became a worshipper of Cheibriados the Contemplative
   462 | D:3      | Reached * piety under Cheibriados
   462 | D:3      | Reached ** piety under Cheibriados
   477 | D:3      | You fall through a shaft for 2 floors!
   477 | D:5      | Entered Level 5 of the Dungeon
   485 | D:5      | Reached skill level 1 in Short Blades
   485 | D:5      | Reached skill level 1 in Long Blades
   485 | D:5      | Reached skill level 1 in Axes
   485 | D:5      | Reached skill level 1 in Maces & Flails
   485 | D:5      | Reached skill level 1 in Polearms
   485 | D:5      | Reached skill level 1 in Staves
   485 | D:5      | Reached skill level 1 in Slings
   485 | D:5      | Reached skill level 1 in Bows
   485 | D:5      | Reached skill level 1 in Crossbows
   485 | D:5      | Reached skill level 1 in Throwing
   485 | D:5      | Reached skill level 1 in Armour
   485 | D:5      | Reached skill level 1 in Shields
   485 | D:5      | Reached skill level 1 in Spellcasting
   485 | D:5      | Reached skill level 1 in Evocations
   485 | D:5      | Reached XP level 4. HP: 41/41 MP: 5/5
   495 | D:5      | Reached skill level 1 in Conjurations
   495 | D:5      | Reached skill level 1 in Hexes
   495 | D:5      | Reached skill level 1 in Charms
   495 | D:5      | Reached skill level 1 in Summonings
   495 | D:5      | Reached skill level 1 in Necromancy
   495 | D:5      | Reached skill level 1 in Translocations
   495 | D:5      | Reached skill level 1 in Transmutations
   495 | D:5      | Reached skill level 1 in Fire Magic
   495 | D:5      | Reached skill level 1 in Ice Magic
   495 | D:5      | Reached skill level 1 in Air Magic
   495 | D:5      | Reached skill level 1 in Earth Magic
   495 | D:5      | Reached skill level 1 in Poison Magic
   521 | D:5      | Reached XP level 5. HP: 24/47 MP: 5/7
   535 | D:5      | Noticed a centaur
   583 | D:5      | Shot with an arrow by a centaur

Skill      XL: |  1  2  3  4 |
---------------+-------------+-----
Invocations    | 1 |  1.5
Short Blades   | 1 |  1.3
Long Blades    | 1 |  1.3
Axes           | 1 |  1.3
Maces & Flails | 1 |  1.3
Polearms       | 1 |  1.3
Staves         | 1 |  1.3
Slings         | 1 |  1.3
Bows           | 1 |  1.3
Crossbows      | 1 |  1.3
Throwing       | 1 |  1.3
Armour         | 1 |  1.3
Shields        | 1 |  1.3
Spellcasting   | 1 |  1.3
Evocations     | 1 |  1.3
Conjurations   | 1 |  1.1
Hexes          | 1 |  1.1
Charms         | 1 |  1.1
Summonings     | 1 |  1.1
Necromancy     | 1 |  1.1
Translocations | 1 |  1.1
Transmutations | 1 |  1.1
Fire Magic     | 1 |  1.1
Ice Magic      | 1 |  1.1
Air Magic      | 1 |  1.1
Earth Magic    | 1 |  1.1
Poison Magic   | 1 |  1.1
Fighting       | |  6.6
Dodging        | |  6.6
Stealth        | |  4.3
Unarmed Combat | |  6.6

Action                   |  1- 3 |  4- 6 || total
-------------------------+-------+-------++-------
Melee: Unarmed           |    91 |    23 ||   114
       Bite              |    15 |     4 ||    19
       Punch             |     1 |       ||     1
  Use: Scroll            |     2 |       ||     2
       Potion            |       |     4 ||     4
 Stab: Sleeping          |     1 |       ||     1
       Distracted        |     1 |       ||     1
Armor: Ring mail         |    34 |     1 ||    35
Dodge: Dodged            |    60 |    17 ||    77

Table legend:
 A = Turns spent in this place as a percentage of turns spent in the entire game.
 B = Non-inter-level travel turns spent in this place as a percentage of non-inter-level travel turns spent in the entire game.
 C = Inter-level travel turns spent in this place as a percentage of turns spent in this place.
 D = Turns resting spent in this place as a percentage of non-inter-level travel turns spent in this place.
 E = Turns spent auto-exploring this place as a percentage of non-inter-level travel turns spent in this place.
 F = Non-inter-level travel turns spent in this place divided by the number of levels of this place that you've seen.
                   A       B       C       D       E      F
               +-------+-------+-------+-------+-------+----------------------
         Total | 100.0 | 100.0 |   0.0 |   0.0 |   0.0 | 145.8
       Dungeon | 100.0 | 100.0 |   0.0 |   0.0 |   0.0 | 145.8
               +-------+-------+-------+-------+-------+----------------------

Table legend:
 A = Kills in this place as a percentage of kills in entire the game.
 B = Kills by you in this place as a percentage of kills by you in the entire game.
 C = Kills by friends in this place as a percentage of kills by friends in the entire game.
 D = Other kills in this place as a percentage of other kills in the entire game.
 E = Experience gained in this place as a percentage of experience gained in the entire game.
 F = Experience gained in this place divided by the number of levels of this place that you have seen.
                   A       B       C       D       E      F
               +-------+-------+-------+-------+-------+----------------------
         Total | 100.0 | 100.0 |   N/A |   N/A | 100.0 |  46.0
       Dungeon | 100.0 | 100.0 |   N/A |   N/A | 100.0 |  46.0
               +-------+-------+-------+-------+-------+----------------------

Vault maps used:
D:1:      dpeg_arrival_orchard
D:2:      lemuel_coloured_pillars_altar, dancing_weapons_uskayaw, first_ration,
          minmay_rat_gold_closets
D:3:      nicolae_overflow_crystal_walls, lemuel_doored_altar,
          kennysheep_crisscross
D:5:      tso_altar, temple_green, gup_sewer_entry_spiral,
          nicolae_ossuary_entry_ruins
